 Dungeon Crawl Stone Soup version 0.31.0-12-g77e489cdc1 (console) character file.

Game seed: 2645087227295587430

74048 Banquo the Fighter (level 15, -8/116 HPs)
             Began as a Djinni Air Elementalist on Feb 12, 2024.
             Was the Champion of Makhleb.
             Mangled by Donald
             ... wielding a +2 double sword of flaming
              (44 damage)
             ... on level 2 of the Orcish Mines on Feb 13, 2024.
             The game lasted 01:54:51 (28678 turns).

Banquo the Fighter (Djinni Air Elementalist)       Turns: 28678, Time: 01:54:53

Health: -8/116     AC: 16    Str: 13    XL:     15   Next: 92%
Gold:   2434       EV: 15    Int: 24    God:    Makhleb [******] SH:  0 Dex: 14

rFire   + + .        a - +8 pair of quick blades {protect}
rCold   x . .        (shield currently unavailable)
rNeg    . . .        d - +0 troll leather armour
rPois   ∞            h - +2 hat {Will+}
rElec   .            e - +0 cloak
rCorr   .            g - +1 pair of gloves "Lautao" {Will++}
SInv    +            (boots unavailable)
Will    ++++.        T - amulet of faith
Stlth   ++           S - ring of see invisible
HPRegen 1.19/turn    u - ring "Haunidd" {Fly Str+6 Slay+2}
MPRegen 0.00/turn

%: faith, infuse magic (-9 HP)
@: under a protective aura, flying
A: sickness immunity, fire resistance 2, cold vulnerability 1, float, innate
caster, HP casting, extra vitality 1
a: Renounce Religion, Minor Destruction, Lesser Servant of Makhleb, Major
Destruction, Greater Servant of Makhleb


You were on level 2 of the Orcish Mines.
You worshipped Makhleb.
Makhleb was exalted by your worship.
You visited 4 branches of the dungeon, and saw 20 of its levels.

You collected 2494 gold pieces.
You spent 60 gold pieces at shops.

Inventory:

Hand Weapons
 a - the +8 pair of quick blades "Gyre" and "Gimble" (weapon) {protect}
   (You found it on level 5 of the Lair of Beasts)
 y - the +4 sling of the Leaping Scorpion {antimagic, rF+}
   (You found it on level 4 of the Lair of Beasts)

   rF+:       It protects you from fire.
 F - a +2 dagger of venom
Missiles
 N - 154 stones
Armour
 b - a +1 leather armour of cold resistance
 d - a +0 troll leather armour (worn)
 e - a +0 cloak (worn)
 g - the +1 pair of gloves "Lautao" (worn) {Will++}
   (You found it on level 11 of the Dungeon)

   Will++:    It greatly increases your willpower.
 h - a +2 hat of willpower (worn)
 i - a +2 buckler of protection
 H - +0 acid dragon scales
Magical Staves
 o - a staff of earth
 M - a staff of conjuration
Jewellery
 t - a ring of positive energy
 u - the ring "Haunidd" (right hand) {Fly Str+6 Slay+2}
   (You took it off a necromancer on level 5 of the Lair of Beasts)

   [ring of flight]

   Str+6:     It affects your strength (+6).
   Slay+2:    It affects your accuracy & damage with ranged weapons and melee
   (+2).
   Fly:       It grants you flight.
 I - the ring "Jaovimm" {rElec Will++ Str+6 Int-5}
   (You found it on level 4 of the Lair of Beasts)

   [ring of strength]

   Str+6:     It affects your strength (+6).
   Int-5:     It affects your intelligence (-5).
   rElec:     It insulates you from electricity.
   Will++:    It greatly increases your willpower.
 S - a ring of see invisible (left hand)
 T - an amulet of faith (around neck)
Wands
 x - a wand of flame (11)
 z - a wand of mindburst (18)
 D - a wand of digging (4)
 L - a wand of acid (28)
 R - a wand of charming (13)
Scrolls
 m - a scroll of revelation
 n - a scroll of fear
 r - 3 scrolls of identify
 w - 7 scrolls of teleportation
 B - 4 scrolls of fog
 Q - 2 scrolls of summoning
 Y - 4 scrolls of poison
Potions
 c - 5 potions of might
 f - a potion of resistance
 k - 9 potions of heal wounds
 p - 2 potions of berserk rage
 q - 4 potions of haste
 v - 4 potions of cancellation
 A - 10 potions of curing {unknown}
Miscellaneous
 j - a sack of spiders
 G - a lightning rod (4/4)


   Skills:
 * Level 13.8 Fighting
 * Level 5.5 Short Blades
 - Level 8.0 Armour
 - Level 8.0 Dodging
 - Level 1.5 Stealth
 * Level 13.6 Spellcasting
 * Level 13.6 Conjurations
 * Level 13.6 Hexes
 * Level 13.6 Summonings
 * Level 13.6 Necromancy
 * Level 13.6 Translocations
 * Level 13.6 Fire Magic
 * Level 13.6 Ice Magic
 * Level 13.6 Air Magic
 * Level 13.6 Earth Magic
 * Level 13.6 Alchemy
 * Level 11.1 Invocations


You knew the following spells:

 Your Spells              Type           Power      Damage    Failure   Level
a - Shock                 Conj/Air       100%       1d9       0%          1
b - Eringya's Noxious Bo  Alch           35%        4d6       2%          6
d - Static Discharge      Conj/Air       100%       3-8/arc   1%          2
e - Kiss of Death         Conj/Necr      100%       2d13      0%          1
g - Summon Blazeheart Go  Fire/Summ      70%        N/A       1%          4
i - Call Imp              Summ           100%       N/A       1%          2
l - Lee's Rapid Deconstr  Erth           35%        3d18*     1%          5
o - Ozocubu's Armour      Ice            70%        N/A       1%          3
v - Summon Mana Viper     Hex/Summ       70%        N/A       1%          5
z - Airstrike             Air            35%        2d(5-21)  1%          4
M - Swiftness             Air            70%        N/A       1%          3
Your spell library was empty.

Dungeon Overview and Level Annotations

Branches:
Dungeon (12/15)            Temple (1/1) D:6            Lair (5/5) D:10
 Shoals (0/4) Lair:2       Spider (0/4) Lair:3        Slime (0/5) Lair:4
    Orc (2/2) D:12
    Elf: Orc:2

Altars:
Ashenzari
Cheibriados
Dithmenos
Elyvilon
Fedhas
Gozag
Hepliaklqana
Makhleb
Nemelex Xobeh
Okawaru
Qazlal
Ru
Trog
Uskayaw
Wu Jian
Xom
Yredelemnul
Zin
The Shining One

Shops:
D:2 !   Orc:1 :   Orc:2 *:

Annotations:
D:8 3 runed translucent doors, AbbaRin's ghost, novice DECj
Orc:1 Urug
Orc:2 Donald


Innate Abilities, Weirdness & Mutations

You are immune to sickness and miasma.
You are immune to poison.
Your flesh is very heat resistant. (rF++)
You are vulnerable to cold. (rC-)
You float through the air rather than walking.
You learn spells naturally, not from books.
Your magical power is your life essence.
You have superior vitality. (+4 MHP)


Message History

Casting: Summon Blazeheart Golem (safe; 1% risk of failure)
Confirm with . or Enter, or press ? or * to list all spells.
Aiming: Lee's Rapid Deconstruction (mildly dangerous; 1% risk of failure)
Press: ? - help, Dir - move target A rock wall.
The wall shatters!
The blast of rock fragments hits Donald.
Donald is lightly wounded.
Donald gestures wildly while chanting.
Donald seems to speed up.
Casting: Lee's Rapid Deconstruction (mildly dangerous; 1% risk of failure)
Confirm with . or Enter, or press ? or * to list all spells.
Aiming: Lee's Rapid Deconstruction (mildly dangerous; 1% risk of failure)
Press: ? - help, Dir - move target A rock wall.
The wall shatters!
The blast of rock fragments hits Donald but does no damage.
Donald is lightly wounded.
Unknown command.
Casting: Lee's Rapid Deconstruction (mildly dangerous; 1% risk of failure)
Confirm with . or Enter, or press ? or * to list all spells.
Aiming: Lee's Rapid Deconstruction (mildly dangerous; 1% risk of failure)
Press: ? - help, Dir - move target A rock wall.
The wall shatters!
The blast of rock fragments hits Donald!
Donald is moderately wounded.
Your blazeheart golem punches Donald but does no damage.
Donald blocks your attack. x2; You hit Donald but do no damage.
Your weapon exudes an aura of protection.
You hit Donald but do no damage.
Donald is moderately wounded.
Donald closely misses you.
Donald blocks your attack. x2; You hit Donald but do no damage. x2
Donald is moderately wounded.
Donald hits you with a +2 double sword of flaming.
Donald burns you.
Donald hits you with a +2 double sword of flaming!!!
You die...
Donald says, "I won.
I... don't hate that."

...............#
#.....###.....##
###....##......#
#............##
...............#
........###...##
.
.......#.....##
.......@#.....##
.....#9@.......#
#...###.##....##
...###.#.#...##
.#.........###
.............#
........8....##
........P.....#
....PP........#
....P....∩.....#


You could see Donald (fast, strong, ally target, reflecting) and a friendly
blazeheart golem (summoned).

Vanquished Creatures
  Gastronok (D:10)
  A tengu reaver (D:11)
  An ettin (Orc:1)
  Harold (D:9)
  4 hydras (Lair:5)
  A boulder beetle (D:12)
  2 two-headed ogres
  5 death yaks (Lair:5)
  A deep troll earth mage (D:11)
  A tengu warrior (D:11)
  2 orc high priests
  A deep elf knight (D:11)
  A spectral death yak (Lair:5)
  A spectral anaconda (Lair:5)
  2 skysharks
  An arcanist (D:11)
  An obsidian statue (Lair:5)
  Pikel (D:5)
  3 necromancers (Lair:5)
  2 oklob plants
  A deep elf pyromancer (D:11)
  3 orc knights (Orc:2)
  3 cyclopes
  2 manticores (D:11)
  27 elephants
  3 black mambas
  2 merfolk sirens (Lair:2)
  Maurice (Orc:2)
  6 kobold blastminers
  A gargoyle (D:12)
  8 cane toads
  A dire elephant skeleton (Lair:5)
  2 unseen horrors (D:11)
  Maggie (D:7)
  8 komodo dragons
  10 rime drakes
  2 merfolk (Lair:2)
  6 trolls
  2 hornets
  2 polar bears (Lair:5)
  A tarantella (Lair:3)
  11 blink frogs
  5 slime creatures (D:12)
  A culicivora (Lair:3)
  A shadow (D:8)
  35 yaks
  3 wyverns
  4 wraiths
  3 basilisks
  A warg (Orc:1)
  7 vampire mosquitoes
  Edmund (D:6)
  An acid dragon (D:10)
  16 water moccasins
  2 black bears
  15 orc warriors
  A sky beast (D:8)
  Pargi (D:4)
  An elephant zombie (Lair:5)
  2 ogres
  2 wolves (Lair:2)
  3 centaurs
  An elephant skeleton (Lair:5)
  4 lemures
  2 kobold brigands
  14 bullfrogs
  6 scorpions
  11 wights
  An elephant simulacrum (Lair:5)
  6 howler monkeys
  7 electric eels
  19 orc priests
  2 bombardier beetles
  A hound (D:6)
  7 jellies
  A sleepcap (D:5)
  4 iguanas
  19 orc wizards
  Robin (D:4)
  4 gnolls (D:6)
  7 adders
  A shadow imp (D:6)
  A white imp (D:5)
  A dart slug (D:2)
  A ribbon worm (D:2)
  57 orcs
  11 bats
  5 endoplasms
  4 giant cockroaches
  8 goblins
  11 hobgoblins
  11 kobolds
  2 quokkas
  10 ball pythons
  4 frilled lizards
  6 rats
491 creatures vanquished.

Vanquished Creatures (collateral kills)
  3 dire elephants (Lair:5)
  A hydra (Lair:3)
  Sonja (D:10)
  An orc sorcerer (Orc:1)
  3 elephants
  A kobold blastminer (Orc:1)
  2 komodo dragons (Lair:3)
  An efreet (D:11)
  A polar bear (Lair:3)
  Grinder (D:6)
  A slime creature (D:12)
  A basilisk (Lair:1)
  8 yaks
  4 vampire mosquitoes (D:11)
  A water moccasin (Lair:3)
  5 orc warriors
  A wolf (Lair:2)
  The ghost of middlethird the Conjurer, a weakling VSCj (D:3)
  2 orc priests
  An orc wizard (Orc:2)
  7 orcs
  An endoplasm (D:3)
48 creatures vanquished.

Vanquished Creatures (others)
  32 blazeheart cores
32 creatures vanquished.

Grand Total: 571 creatures vanquished

Notes
Turn   | Place    | Note
-------+----------+-------------------------------------------
     0 | D:1      | Banquo the Djinni Air Elementalist began the quest for the
                  | Orb.
     0 | D:1      | Banquo set off with the following spells memorised: Shock,
                  | Static Discharge, Swiftness, Airstrike.
     0 | D:1      | Reached XP level 1. HP: 15/15 MP: 0/0
   248 | D:1      | Reached XP level 2. HP: 18/22 MP: 0/0
   289 | D:1      | Reached skill level 1 in Fighting
   716 | D:1      | Reached XP level 3. HP: 25/27 MP: 0/0
   716 | D:1      | Learned a level 1 spell: Kiss of Death
  1691 | D:2      | Found Cutruxte's Distillery.
  1695 | D:2      | Bought a potion of heal wounds for 60 gold pieces
  1763 | D:2      | Reached XP level 4. HP: 32/33 MP: 0/0
  1994 | D:3      | Reached skill level 1 in Armour
  2077 | D:3      | Reached XP level 5. HP: 33/39 MP: 0/0
  2077 | D:3      | Learned a level 2 spell: Call Imp
  2171 | D:3      | Noticed middlethird's ghost (weakling VSCj)
  2174 | D:3      | Found a transporter.
  2182 | D:3      | Found a transporter.
  2217 | D:3      | Found a blossoming altar of Fedhas.
  2231 | D:3      | Noticed an oklob plant
  2464 | D:3      | Found a bloodstained altar of Trog.
  2901 | D:4      | Reached XP level 6. HP: 13/45 MP: 0/0
  3113 | D:4      | Noticed Pargi
  3245 | D:4      | Noticed Robin
  3399 | D:4      | Killed Pargi
  3635 | D:4      | Killed Robin
  3636 | D:4      | Reached XP level 7. HP: 44/50 MP: 0/0
  3636 | D:4      | Learned a level 3 spell: Ozocubu's Armour
  3993 | D:5      | Entered Level 5 of the Dungeon
  4031 | D:5      | Noticed Pikel
  4286 | D:5      | Reached skill level 5 in Spellcasting
  4286 | D:5      | Reached skill level 5 in Conjurations
  4286 | D:5      | Reached skill level 5 in Hexes
  4286 | D:5      | Reached skill level 5 in Summonings
  4286 | D:5      | Reached skill level 5 in Necromancy
  4286 | D:5      | Reached skill level 5 in Translocations
  4286 | D:5      | Reached skill level 5 in Fire Magic
  4286 | D:5      | Reached skill level 5 in Ice Magic
  4286 | D:5      | Reached skill level 5 in Air Magic
  4286 | D:5      | Reached skill level 5 in Earth Magic
  4286 | D:5      | Reached skill level 5 in Alchemy
  5226 | D:5      | Killed Pikel
  5227 | D:5      | Reached XP level 8. HP: 37/56 MP: 0/0
  5631 | D:6      | Noticed Edmund
  5640 | D:6      | Killed Edmund
  5919 | D:6      | Reached XP level 9. HP: 50/62 MP: 0/0
  5919 | D:6      | Learned a level 4 spell: Summon Blazeheart Golem
  5961 | D:6      | Found a staircase to the Ecumenical Temple.
  5971 | Temple   | Entered the Ecumenical Temple
  5984 | Temple   | Became a worshipper of Makhleb the Destroyer
  6260 | D:6      | Noticed Grinder
  6264 | D:6      | Killed Grinder
  6265 | D:6      | Reached skill level 1 in Invocations
  6617 | D:6      | Found a hide-covered altar of Uskayaw.
  6662 | D:6      | Found a hazy altar of Hepliaklqana.
  6915 | D:7      | Noticed Maggie
  7318 | D:7      | Killed Maggie
  7426 | D:7      | Reached skill level 5 in Dodging
  7550 | D:7      | Reached * piety under Makhleb
  7729 | D:7      | Reached skill level 5 in Fighting
  7915 | D:7      | Found a transporter.
  7915 | D:7      | Noticed a troll
  8071 | D:7      | Found a transporter.
  8142 | D:7      | Reached XP level 10. HP: 55/70 MP: 0/0
  8463 | D:8      | Noticed a two-headed ogre
  8470 | D:8      | Killed a two-headed ogre
  8800 | D:8      | Found a basalt altar of Yredelemnul.
  8905 | D:8      | Reached skill level 5 in Armour
  8945 | D:8      | Found a runed translucent gate.
  8945 | D:8      | Found a runed translucent gate.
  8945 | D:8      | Found a runed translucent gate.
  9004 | D:8      | Noticed AbbaRin's ghost (novice DECj)
  9610 | D:8      | Reached ** piety under Makhleb
 10719 | D:9      | Noticed Harold
 11000 | D:9      | Killed Harold
 11977 | D:9      | Reached XP level 11. HP: 66/78 MP: 0/0
 11977 | D:9      | Learned a level 5 spell: Lee's Rapid Deconstruction
 12128 | D:9      | Noticed a cyclops
 12137 | D:9      | Killed a cyclops
 12138 | D:9      | Reached skill level 5 in Invocations
 12364 | D:10     | Entered Level 10 of the Dungeon
 12845 | D:10     | Noticed Sonja
 12854 | D:10     | Killed Sonja
 13158 | D:10     | Noticed an oklob plant
 13317 | D:10     | Found a staircase to the Lair.
 13394 | D:10     | Noticed Gastronok
 13411 | D:10     | Killed Gastronok
 13867 | D:10     | Killed an oklob plant
 14159 | Lair:1   | Entered Level 1 of the Lair of Beasts
 14654 | Lair:1   | Reached *** piety under Makhleb
 14879 | Lair:1   | Reached XP level 12. HP: 83/86 MP: 0/0
 16544 | Lair:2   | Reached skill level 10 in Spellcasting
 16544 | Lair:2   | Reached skill level 10 in Conjurations
 16544 | Lair:2   | Reached skill level 10 in Hexes
 16544 | Lair:2   | Reached skill level 10 in Summonings
 16544 | Lair:2   | Reached skill level 10 in Necromancy
 16544 | Lair:2   | Reached skill level 10 in Translocations
 16544 | Lair:2   | Reached skill level 10 in Fire Magic
 16544 | Lair:2   | Reached skill level 10 in Ice Magic
 16544 | Lair:2   | Reached skill level 10 in Air Magic
 16544 | Lair:2   | Reached skill level 10 in Earth Magic
 16544 | Lair:2   | Reached skill level 10 in Alchemy
 16803 | Lair:2   | Found a staircase to the Shoals.
 17184 | Lair:3   | Reached **** piety under Makhleb
 17320 | Lair:3   | Reached XP level 13. HP: 25/94 MP: 0/0
 17320 | Lair:3   | Learned a level 5 spell: Summon Mana Viper
 17810 | Lair:3   | Noticed a five-headed hydra
 17816 | Lair:3   | Killed a five-headed hydra
 17837 | Lair:3   | Reached skill level 10 in Fighting
 18142 | Lair:3   | Reached ***** piety under Makhleb
 18338 | Lair:3   | Found a hole to the Spider Nest.
 18925 | Lair:4   | Found a staircase to the Slime Pits.
 18987 | Lair:4   | Identified the +4 sling of the Leaping Scorpion {antimagic,
                  | rF+}
 19284 | Lair:4   | Identified the ring "Jaovimm" {rElec Will++ Str+6 Int-5}
 19443 | Lair:5   | Entered Level 5 of the Lair of Beasts
 19542 | Lair:5   | Noticed a six-headed hydra
 19869 | Lair:5   | Killed a six-headed hydra
 19911 | Lair:5   | Found the +8 pair of quick blades "Gyre" and "Gimble"
                  | {protect}
 20052 | Lair:5   | Noticed a four-headed hydra
 20056 | Lair:5   | Killed a four-headed hydra
 20095 | Lair:5   | Reached skill level 10 in Invocations
 20330 | Lair:5   | Reached XP level 14. HP: 73/105 MP: 0/0
 22032 | Lair:5   | Noticed a dire elephant
 22242 | Lair:5   | Reached skill level 1 in Short Blades
 22388 | Lair:5   | Identified the ring "Haunidd" {Fly Str+6 Slay+2}
 22472 | Lair:5   | Noticed a dire elephant
 22517 | Lair:5   | HP: 2/108 [dire elephant (26)]
 22523 | Lair:5   | Noticed a dire elephant
 22853 | Lair:5   | Killed a dire elephant
 22927 | Lair:5   | Killed a dire elephant
 23559 | Lair:5   | Killed a dire elephant
 23560 | Lair:5   | Reached XP level 15. HP: 47/113 MP: 0/0
 23560 | Lair:5   | Learned a level 6 spell: Eringya's Noxious Bog
 24160 | D:3      | Killed middlethird's ghost
 25181 | D:11     | Reached ****** piety under Makhleb
 25421 | D:11     | Identified the +1 pair of gloves "Lautao" {Will++}
 26039 | D:12     | Found a staircase to the Orcish Mines.
 27296 | D:11     | Noticed a tengu reaver
 27311 | D:11     | Killed a tengu reaver
 27970 | Orc:1    | Entered Level 1 of the Orcish Mines
 27992 | Orc:1    | Found Agyrhaxi's Book Shoppe.
 28033 | Orc:1    | Noticed Urug
 28060 | Orc:1    | Reached skill level 5 in Short Blades
 28407 | Orc:2    | Entered Level 2 of the Orcish Mines
 28407 | Orc:2    | Found Pefiguez's General Store.
 28608 | Orc:2    | Found Hodec's Book Emporium.
 28632 | Orc:2    | Noticed Maurice
 28637 | Orc:2    | Killed Maurice
 28658 | Orc:2    | Noticed Donald
 28678 | Orc:2    | Mangled by Donald

Illustrated notes

Levels and vault maps discovered:
D:1:      kilobyte_arrival_exit_the_forest, layout_loops_ring
D:2:      layout_basic, serial_shops, shop, hangedman_decor_growths,
          minmay_vboxes
D:3:      layout_loops_cross, tgw_fedhas, mainiacjoe_overflow_24_doors,
          gammafunk_ghost_arena, nicolae_kite_square_tiling_tiny,
          small_statue_intersection
D:4:      layout_gridville, uniq_pargi, uniq_robin
D:5:      layout_cave_pools, nicolae_fountain_basement, uniq_pikel
D:6:      layout_gridville, lemuel_tele_altar, mainiacjoe_overflow_tiny_flanked,
          minmay_temple_entry_glass, st_stairs_3, uniq_grinder, uniq_edmund
D:7:      gammafunk_beogh_shrine, layout_rooms, uniq_maggie
D:8:      layout_layer_cave, mainiacjoe_overflow_cross_hatched,
          kiku_gazebo_pond_becter, gammafunk_ghost_icy, minmay_misc_feat_rugged
D:9:      layout_basic, serial_co_window_serial, co_window_of_opportunity_a,
          co_window_paths_a, co_window_of_opportunity_a, co_window_paths_b,
          co_window_cross_1, co_window_unsneaky_path_d, co_window_corner_b,
          co_window_of_opportunity_b, co_window_paths_c, co_window_broadway_c,
          co_window_corner_cb, co_window_4corner_b, co_window_paths_d,
          glass_columns_a, glass_columns_b, glass_columns_a, disabler_island,
          uniq_harold
D:10:     layout_basic, dpeg_oklobed_lair, uniq_sonja, uniq_gastronok
D:11:     minmay_klotski, layout_basic
D:12:     layout_gridville, orc_0_dummy, dk_vineyard_3
Temple:   eino_temple_scatter_basement
Lair:1:   layout_cave_pods, serial_bayou_lagoon_b
Lair:2:   layout_cellular_growth, elwin_shoals_entry_stream, st_stairs_10
Lair:3:   layout_gridlike, spider_nest_entry_rubble, minmay_hedge_maze,
          serial_bayou_pond_b
Lair:4:   layout_hall_layers, nicolae_slime_entry_slimehenge,
          cheibrodos_lair_reptile_den, infiniplex_staircase_pool_2
Lair:5:   due_jungle_book, layout_regular_city
Orc:1:    layout_diamond_mine, serial_shops, shop, uniq_urug
Orc:2:    grunt_orc_gardens, layout_caves, grunt_orc_garden, grunt_orc_garden,
          grunt_orc_garden, grunt_orc_garden,
          portal_ice_cave_entry_ice_simulacra, uniq_maurice, uniq_saint_roka,
          uniq_donald

Skill      XL: |  1  2  3  4  5  6  7  8  9 10 11 12 13 14 15 |
---------------+----------------------------------------------+-----
Fighting       | 1 2 3 5 6 7 9 11 12 13 | 13.8
Armour         | 1 2 4 5 7 8 |  8.0
Dodging        | 3 4 5 6 8 |  8.0
Spellcasting   | 4 6 7 8 9 10 11 13 | 13.6
Conjurations   | 4 6 7 8 9 10 11 13 | 13.6
Hexes          | 4 6 7 8 9 10 11 13 | 13.6
Summonings     | 4 6 7 8 9 10 11 13 | 13.6
Necromancy     | 4 6 7 8 9 10 11 13 | 13.6
Translocations | 4 6 7 8 9 10 11 13 | 13.6
Fire Magic     | 4 6 7 8 9 10 11 13 | 13.6
Ice Magic      | 4 6 7 8 9 10 11 13 | 13.6
Air Magic      | 4 6 7 8 9 10 11 13 | 13.6
Earth Magic    | 4 6 7 8 9 10 11 13 | 13.6
Alchemy        | 4 6 7 8 9 10 11 13 | 13.6
Invocations    | 3 4 6 8 10 11 | 11.1
Short Blades   | 2 5 |  5.5
Stealth        | |  1.5

Action                     |  1- 3 |  4- 6 |  7- 9 | 10-12 | 13-15 || total
---------------------------+-------+-------+-------+-------+-------++-------
  Melee: Dagger            |     3 |       |       |       |       ||     3
         Flail             |       |       |       |     3 |       ||     3
         Pair of quick bla |       |       |       |       |    57 ||    57
   Cast: Shock             |    72 |    78 |    30 |       |       ||   180
         Airstrike         |       |     4 |   104 |   215 |   406 ||   729
         Static Discharge  |       |       |     5 |       |     6 ||    11
         Swiftness         |       |       |     2 |     1 |     4 ||     7
         Call Imp          |       |       |     2 |     4 |     1 ||     7
         Summon Blazeheart |       |       |     6 |    20 |    75 ||   101
         Lee's Rapid Decon |       |       |       |    34 |   156 ||   190
         Summon Mana Viper |       |       |       |       |    22 ||    22
         Eringya's Noxious |       |       |       |       |     2 ||     2
 Invoke: Lesser Servant of |       |       |       |       |     5 ||     5
    Use: Scroll            |       |       |       |    20 |     6 ||    26
         Potion            |       |       |       |     1 |       ||     1
 Armour: Robe              |    18 |    16 |    26 |       |       ||    60
         Animal skin       |       |       |    12 |       |       ||    12
         Steam dragon scal |       |       |     2 |    74 |   117 ||   193
         Acid dragon scale |       |       |       |     1 |    28 ||    29
         Troll leather arm |       |       |       |       |    36 ||    36
         Ring mail         |       |       |       |       |    12 ||    12
  Dodge: Dodged            |    21 |     9 |    28 |    48 |   193 ||   299
